 Dungeon Crawl Stone Soup version 0.26-a0-30-g56b8cd3df0 (webtiles) character file.

Game seed: 14257138826172926719, levelgen mode: deterministic

7 vurker the Magician (level 1, -1/15 HPs)
             Began as a Demigod Wizard on June 3, 2020.
             Slain by a rat (3 damage)
             ... on level 1 of the Dungeon.
             The game lasted 00:00:25 (144 turns).

vurker the Magician (Demigod Wizard)                 Turns: 144, Time: 00:00:26

Health: -1/15      AC:  2    Str: 10    XL:     1   Next: 66%
Magic:  0/6        EV: 12    Int: 22    God:
Gold:   11         SH:  0    Dex: 14    Spells: 4/5 levels left

rFire    . . .     SeeInvis .   (no weapon)
rCold    . . .     Gourm    .   (no shield)
rNeg     . . .     Faith    .   a - +0 robe
rPois    .         Spirit   .   b - +0 hat
rElec    .         Reflect  .   (no cloak)
rCorr    .         Harm     .   (no gloves)
MR       .....                  (no boots)
Stlth    ++........             (no amulet)
HPRegen  0.05/turn              (no ring)
MPRegen  0.10/turn              (no ring)

@: no status effects
A: high mp 1
a: no special abilities


You were on level 1 of the Dungeon.
You were not hungry.

You visited 1 branch of the dungeon, and saw 1 of its levels.

You collected 11 gold pieces.

Inventory:

Armour
 a - a +0 robe (worn)
 b - a +0 hat (worn)
Potions
 c - a potion of curing {unknown}
Comestibles
 d - a chunk of flesh
 e - a ration


   Skills:
 + Level 0.3 Fighting
 - Level 1.7 Dodging
 - Level 1.7 Stealth
 * Level 2.8 Spellcasting
 * Level 1.2 Conjurations
   Level 0.8 Summonings
   Level 0.8 Translocations


You had 4 spell levels left.
You knew the following spells:

 Your Spells              Type           Power        Failure   Level  Hunger
a - Magic Dart            Conj           #...         8%          1    None

Your spell library contained the following spells:

 Spells                   Type           Power        Failure   Level  Hunger
 Blink                    Tloc           N/A          14%         2    ##.....
 Call Imp                 Summ           #.......     14%         2    ##.....
 Slow                     Hex            #.......     19%         2    ##.....
 Conjure Flame            Conj/Fire      #.......     28%         3    ###....
 Mephitic Cloud           Conj/Pois/Air  #.......     32%         3    ###....


Dungeon Overview and Level Annotations

Branches:
Dungeon (1/15)


Innate Abilities, Weirdness & Mutations

You have an increased reservoir of magic. (+10% MP)


Message History

A kobold comes into view.
Aim: a kobold, quivering a stone (heavily wounded)
The magic dart hits the kobold but does no damage.
The kobold shouts!
You don't have enough magic to cast that spell.
The jackal closely misses you. The jackal closely misses you.
You hit the jackal. The jackal misses you.
Aim: a kobold, quivering a stone (moderately wounded)
The magic dart hits the jackal but does no damage.
The jackal bites you but does no damage.
The jackal barely misses you.
You hit the jackal. The jackal bites you.
You hit the jackal but do no damage. The jackal closely misses you.
You closely miss the jackal.
The jackal bites you but does no damage.
The jackal bites you.
You hit the jackal but do no damage. The jackal closely misses you.
You hit the jackal but do no damage.
The jackal bites you but does no damage.
The kobold throws a stone.
The stone barely misses you. The jackal misses you.
You hit the jackal but do no damage.
A jackal comes into view.
The jackal completely misses you.
The jackal barks!
You hit the jackal.
You kill the jackal!
The kobold throws a stone.
The stone hits you but does no damage.
A jackal comes into view.
Found 12 stones.
You completely miss the kobold. The kobold hits you.
A rat comes into view.
Aim: a kobold (moderately wounded)
The magic dart hits the kobold.
The kobold hits you.
* * * LOW HITPOINT WARNING * * *
You hit the kobold but do no damage. The kobold closely misses you.
You hit the kobold.
You kill the kobold!
You barely miss the jackal. The jackal bites you.
* * * LOW HITPOINT WARNING * * *
A hobgoblin comes into view. It is wielding a +0 club.
The jackal bites you.
* * * LOW HITPOINT WARNING * * *
You hit the jackal but do no damage. The jackal closely misses you.
A hobgoblin comes into view.
Unknown command.
You closely miss the jackal.
The jackal bites you but does no damage.
The rat bites you.
You die...

...........
......).. ......
#...# ##.K.###
#......# #....#.#
###### #..(.#(####
#....# #....hKh@.#
####.####.####.##r#
####รท#....# #.# .#
#.......#...).h# .#
#.##.##.##.#.#.# g#
#.##.##......... .#
#....#####...... g.
#..##.# (.h##.. ..
##.# #.. .... .


You could see 2 jackals, 2 hobgoblins, a kobold and a rat.

Vanquished Creatures
  A bat (D:1)
  3 jackals (D:1)
  A goblin (D:1)
  A kobold (D:1)
6 creatures vanquished.

Notes
Turn   | Place    | Note
-------+----------+-------------------------------------------
     0 | D:1      | vurker the Demigod Wizard began the quest for the Orb.
     0 | D:1      | Reached XP level 1. HP: 14/14 MP: 6/6
    32 | D:1      | Reached skill level 1 in Conjurations
   144 | D:1      | Slain by a rat

Illustrated notes

Levels and vault maps discovered:
D:1:      minmay_arrival_cross, layout_loops_cross, minmay_unequal

Skill      XL: |  1 |
---------------+----+-----
Conjurations   | 1 |  1.2
Fighting       | |  0.3
Dodging        | |  1.7
Stealth        | |  1.7
Spellcasting   | |  2.8
Summonings     | |  0.8
Translocations | |  0.8

Action                   || total
-------------------------++-------
Melee: Unarmed           ||    14
 Cast: Magic Dart        ||    14
Armor: Robe              ||     5
Dodge: Dodged            ||    15

Table legend:
 A = Non-vault XP
 B = Vault XP
 C = Vault XP percentage of total XP
 D = Non-vault monster count
 E = Vault monster count
 F = Vault count percentage of total count
                 A         B        C        D         E       F
            +---------+---------+-------+---------+---------+-------
      Total |      10 |       0 |   0.0 |       6 |       0 |   0.0
            +---------+---------+-------+---------+---------+-------
        D:1 |      10 |       0 |   0.0 |       6 |       0 |   0.0
            +---------+---------+-------+---------+---------+-------
